 Dungeon Crawl Stone Soup version 0.26-a0-646-g5d7718319a (webtiles) character file.

Game seed: 4527678171869068332

4778 Arvaildir the Geomancer (level 10, 0/50 HPs)
             Began as a Gargoyle Earth Elementalist on Sept 24, 2020.
             Was a Believer of Vehumet.
             Slain by a yak (12 damage)
             ... on level 9 of the Dungeon.
             The game lasted 00:17:40 (9630 turns).

Arvaildir the Geomancer (GrEE)                      Turns: 9630, Time: 00:17:40

Health: 0/50       AC: 12    Str: 12    XL:     10   Next: 47%
Magic:  1/22       EV: 12    Int: 19    God:    Vehumet [**....]
Gold:   383        SH:  0    Dex: 10    Spells: 16/25 levels left

rFire    . . .     SeeInvis .   j - +3 mace (venom)
rCold    . . .     Faith    .   (no shield)
rNeg     + . .     Spirit   .   c - +1 robe
rPois    ∞         Reflect  .   (no helmet)
rElec    +         Harm     .   y - +1 cloak
rCorr    +         Rampage  .   (no gloves)
MR       .....                  (no boots)
Stlth    ++........             (no amulet)
HPRegen  0.16/turn              n - ring of resist corrosion
MPRegen  0.18/turn              (no ring)

@: no status effects
A: negative energy resistance 1, electricity resistance, unbreathing,
petrification resistance, rot immunity, AC +7
a: Renounce Religion


You were on level 9 of the Dungeon.
You worshipped Vehumet.
Vehumet was pleased with you.
You visited 2 branches of the dungeon, and saw 10 of its levels.

You collected 383 gold pieces.

Inventory:

Hand Weapons
 e - a +4 dagger
 i - a +4 flail
 j - a +3 mace of venom (weapon)
 l - a +0 whip of electrocution
Missiles
 b - 163 stones (quivered)
 g - a throwing net
Armour
 c - a +1 robe (worn)
 r - a +2 leather armour of cold resistance
 y - a +1 cloak (worn)
Jewellery
 n - a ring of resist corrosion (left hand)
Wands
 m - a wand of disintegration (8)
 p - a wand of random effects (12)
 s - a wand of digging (9)
 u - a wand of iceblast (4)
 v - a wand of flame (58)
Scrolls
 d - 5 scrolls of remove curse
 f - a scroll of amnesia
 t - a scroll of enchant weapon
 x - 2 scrolls of teleportation
Potions
 a - a potion of ambrosia
 h - 2 potions of flight
 k - 2 potions of haste
 o - 2 potions of stabbing
 q - 3 potions of brilliance
 w - a potion of resistance
 z - a potion of might
 A - a potion of curing


   Skills:
 - Level 1.5 Dodging
 - Level 2.1 Stealth
 + Level 8.3 Spellcasting
 + Level 9.3 Conjurations
   Level 0.7 Transmutations
 + Level 11.0 Earth Magic


You had 16 spell levels left.
You knew the following spells:

 Your Spells              Type           Power        Failure   Level
a - Sandblast             Erth           #####.       1%          1
b - Stone Arrow           Conj/Erth      #####.       1%          3
c - Lee's Rapid Deconstr  Erth           #####.....   2%          5

Your spell library contained the following spells:

 Spells                   Type           Power        Failure   Level
 Shock                    Conj/Air       ####         1%          1
 Passwall                 Tmut/Erth      ####....     1%          2
 Petrify                  Tmut/Erth      ####....     8%          4
 Animate Skeleton         Necr           #.....       9%          1
 Apportation              Tloc           #.....       9%          1
 Corona                   Hex            #......      9%          1
 Summon Small Mammal      Summ           #...         9%          1


Dungeon Overview and Level Annotations

Branches:
Dungeon (9/15)             Temple (1/1) D:4            Lair (0/6) D:8
    Orc: D:9-12

Altars:
Ashenzari
Cheibriados
Dithmenos
Elyvilon
Fedhas
Hepliaklqana
Kikubaaqudgha
Makhleb
Nemelex Xobeh
Qazlal
Ru
Sif Muna
Trog
Uskayaw
Vehumet
Wu Jian
Xom
Yredelemnul
Zin
The Shining One

Shops:
D:6 (


Innate Abilities, Weirdness & Mutations

You are resistant to torment.
Your stone body is resilient. (AC +7)
You are immune to poison.
You resist negative energy. (rN+)
You are resistant to electric shocks. (rElec)
You can survive without breathing.
You are immune to petrification.
You are immune to rotting.


Message History

b - 163 stones The yak barely misses you.
You hit the yak.
The yak is poisoned.
The yak is heavily wounded.
The yak misses you. The yak gores you! The yak gores you but does no damage.
You are too injured to fight recklessly!
You are too injured to fight recklessly!
You are too injured to fight recklessly!
You are too injured to fight recklessly!
You are too injured to fight recklessly!
You are too injured to fight recklessly!
You are too injured to fight recklessly!
You hit the yak.
The yak is heavily wounded.
The yak gores you but does no damage. The yak gores you! The yak gores you.
* * * LOW HITPOINT WARNING * * *
You closely miss the yak.
The yak is severely wounded.
The yak gores you!
You die...

#.. #.# . ###.##
.. #....# ...
#....# ....
#####....#.....
YYY.Y..≈...?...
#########.####.##
#....@Y†...#
#.....Y<#..#
#########..# #..#
#..# #..# ....
...#


You could see 2 yaks.

Vanquished Creatures
  Harold (D:7)
  Joseph (D:7)
  Prince Ribbit (D:8)
  Sigmund (D:4)
  4 yaks (D:9)
  Eustachio (D:5)
  An orc warrior (D:6)
  An ice beast (D:8)
  A sky beast (D:9)
  2 phantoms
  2 ogres
  A centaur (D:8)
  A big kobold (D:8)
  5 bullfrogs
  A scorpion (D:7)
  4 wights (D:7)
  A bullfrog zombie (D:7)
  A centaur zombie (D:6)
  2 centaur skeletons
  3 hounds (D:7)
  A jelly (D:8)
  2 bullfrog skeletons
  A gnoll shaman (D:6)
  5 orc wizards
  Ijyb (D:5)
  2 iguanas
  5 worker ants
  A hound skeleton (D:7)
  A worker ant zombie (D:8)
  A howler monkey zombie (D:7)
  A howler monkey skeleton (D:4)
  21 gnolls
  5 adders
  2 shadow imps
  A white imp (D:8)
  An ufetubus (D:5)
  An ooze (D:2)
  An adder skeleton (D:5)
  2 adder zombies
  A worm (D:2)
  6 dart slugs
  7 leopard geckos
  16 orcs
  3 giant cockroaches
  3 goblins
  7 hobgoblins
  11 jackals
  3 quokkas
  6 bats
  A frilled lizard (D:1)
  8 kobolds
  A leopard gecko skeleton (D:8)
  9 rats
172 creatures vanquished.

Vanquished Creatures (others)
  2 plants (D:2)
2 creatures vanquished.

Grand Total: 174 creatures vanquished

Notes
Turn   | Place    | Note
-------+----------+-------------------------------------------
     0 | D:1      | Arvaildir the Gargoyle Earth Elementalist began the quest
                  | for the Orb.
     0 | D:1      | Reached XP level 1. HP: 10/10 MP: 3/3
   147 | D:1      | Reached skill level 4 in Earth Magic
   147 | D:1      | Reached XP level 2. HP: 9/15 MP: 1/5
   494 | D:1      | Reached XP level 3. HP: 19/19 MP: 6/6
   514 | D:1      | Learned a level 3 spell: Stone Arrow
  1233 | D:2      | Reached skill level 1 in Conjurations
  1237 | D:2      | Reached XP level 4. HP: 18/24 MP: 8/8
  1636 | D:2      | Found a faded altar of an unknown god.
  2296 | D:3      | Reached skill level 5 in Earth Magic
  2529 | D:3      | Reached XP level 5. HP: 28/28 MP: 9/9
  2593 | D:3      | Learned a level 5 spell: Lee's Rapid Deconstruction
  2918 | D:4      | Found a glowing golden altar of the Shining One.
  3243 | D:4      | Noticed Sigmund
  3250 | D:4      | Killed Sigmund
  3250 | D:4      | Reached XP level 6. HP: 23/32 MP: 2/12
  3322 | D:4      | Found a staircase to the Ecumenical Temple.
  3336 | Temple   | Entered the Ecumenical Temple
  3576 | D:4      | Reached skill level 6 in Earth Magic
  3597 | D:4      | Found a radiant altar of Vehumet.
  3608 | D:4      | Became a worshipper of Vehumet
  4215 | D:5      | Entered Level 5 of the Dungeon
  4269 | D:5      | Noticed Ijyb
  4273 | D:5      | Killed Ijyb
  4488 | D:5      | Reached XP level 7. HP: 28/36 MP: 13/13
  4987 | D:5      | Noticed Eustachio
  5011 | D:5      | Killed Eustachio
  5011 | D:5      | Reached skill level 5 in Spellcasting
  5011 | D:5      | Reached skill level 7 in Earth Magic
  5121 | D:5      | Reached XP level 8. HP: 41/41 MP: 15/15
  5268 | D:5      | Reached skill level 5 in Conjurations
  5562 | D:6      | Found Does's Weapon Shop.
  6080 | D:6      | Reached * piety under Vehumet
  6080 | D:6      | Offered knowledge of Magic Dart by Vehumet.
  6083 | D:6      | Found a snail-covered altar of Cheibriados.
  6211 | D:6      | Found a hide-covered altar of Uskayaw.
  6226 | D:6      | Reached skill level 8 in Earth Magic
  7172 | D:7      | Reached XP level 9. HP: 17/45 MP: 4/18
  7176 | D:7      | Reached skill level 9 in Earth Magic
  7244 | D:7      | Found a glowing silver altar of Zin.
  7244 | D:7      | Noticed an angel
  7414 | D:7      | Noticed Joseph
  7425 | D:7      | Killed Joseph
  7866 | D:7      | Noticed Harold
  7897 | D:7      | Offered knowledge of Shock by Vehumet.
  7911 | D:7      | Reached ** piety under Vehumet
  7913 | D:7      | Killed Harold
  7913 | D:7      | Reached skill level 10 in Earth Magic
  7913 | D:7      | Reached XP level 10. HP: 9/50 MP: 8/21
  8291 | D:7      | Found a stormy altar of Qazlal.
  8476 | D:8      | Found a staircase to the Lair.
  8820 | D:8      | Noticed Prince Ribbit
  8826 | D:8      | Killed Prince Ribbit
  9224 | D:8      | Found a sparkling altar of Nemelex Xobeh.
  9621 | D:9      | Reached skill level 11 in Earth Magic
  9630 | D:9      | Slain by a yak

Illustrated notes

Levels and vault maps discovered:
D:1:      dpeg_arrival_court, layout_rooms
D:2:      layout_basic, chequers_ecumenical_altar_lobes
D:3:      layout_rooms
D:4:      layout_basic, fiery_altar_vehumet, tso_metal_star, temple_fountains,
          uniq_sigmund
D:5:      layout_gridville, uniq_ijyb, uniq_eustachio
D:6:      layout_cave_pods, kennysheep_slug_shrine, kennysheep_mini_moat,
          serial_shops, shop
D:7:      layout_rooms, grunt_qazlal_sundering, zin_angel, uniq_joseph,
          uniq_harold
D:8:      layout_cave_pods, nemelex_xobeh_ov_fountains_minmay, lair_entry_dummy,
          blue_anna_alchemist [blue_anna_fruit_fields, blue_anna_fruit_fields],
          uniq_prince_ribbit1
D:9:      layout_basic, okawaru_trees_2,
          nicolae_gozag_cash_rules_everything_around_me, serial_shops, shop,
          hangedman_abyss_or_decor_passed, minmay_crystal_water
Temple:   nicolae_temple_figure_eight

Skill      XL: |  1  2  3  4  5  6  7  8  9 10 |
---------------+-------------------------------+-----
Earth Magic    | 4 5 6 7 8 10 11 | 11.0
Conjurations   | 1 3 4 6 8 9 |  9.3
Spellcasting   | 3 4 5 6 7 8 |  8.3
Dodging        | |  1.5
Stealth        | |  2.1
Transmutations | |  0.7

Action                   |  1- 3 |  4- 6 |  7- 9 | 10-12 || total
-------------------------+-------+-------+-------+-------++-------
Melee: Dagger            |   103 |    43 |       |       ||   146
       Unarmed           |     3 |       |       |       ||     3
       Mace              |       |    76 |   151 |    67 ||   294
 Cast: Sandblast         |     7 |    18 |    37 |     8 ||    70
       Stone Arrow       |       |     5 |     5 |     1 ||    11
       Lee's Rapid Decon |       |       |     8 |     8 ||    16
Evoke: Wand              |       |       |     8 |     3 ||    11
  Use: Scroll            |       |    13 |     9 |     1 ||    23
       Potion            |       |     2 |     4 |       ||     6
 Stab: Sleeping          |     3 |     7 |       |     1 ||    11
       Distracted        |       |     1 |       |       ||     1
Armor: Robe              |    39 |    53 |   117 |    47 ||   256
Dodge: Dodged            |    76 |   104 |   180 |    55 ||   415

Table legend: (Time is in decaauts)
 A = Elapsed time spent in this place.
 B = Non-inter-level travel time spent in this place.
 C = Inter-level travel time spent in this place.
 D = Time resting spent in this place.
 E = Time spent auto-exploring this place.
 F = Levels seen in this place.
 G = Mean time per level.
                   A        B        C        D        E       F      G
               +--------+--------+--------+--------+--------+-----+--------+
         Total |   9736 |   9223 |    513 |   1467 |   6194 |  10 |  973.6 |
       Dungeon |   9543 |   9041 |    502 |   1467 |   6013 |   9 | 1060.3 |
        Temple |    192 |    181 |     11 |      0 |    181 |   1 |  192.0 |
               +--------+--------+--------+--------+--------+-----+--------+

Top non-repeatable levels by time:
     D:5: 1577 daAuts
     D:7: 1530 daAuts
     D:4: 1461 daAuts
     D:6: 1322 daAuts
     D:2: 1204 daAuts
     D:8: 976 daAuts
     D:1: 870 daAuts
     D:3: 566 daAuts
  Temple: 192 daAuts
     D:9: 33 daAuts
